cohdb
Replays
Latest Replays
All Replays
Popular Replays
Top Player Replays
Match Explorer
How It Works
Community
CoH3 Stats
Reddit
Sign in to upload your games and track your stats! →
Sign in with Steam
Match 44009727
Unlisted
Match 44009727
Overview
Messages
Build Orders
End
Royal Engineer Section
Construct Section Command Post
Selects Canadian Shock Battlegroup
Dingo Light Scout Car
Infantry Section
Infantry Section
Grenade Package
Construct Platoon Command Post
Selects Offensive Resupply
Selects Canadian Shock Section
Selects Incendiary Munitions
Construct Field Infirmary
6-pounder Anti-tank Gun Team
Infantry Training
Canadian Shock Section
Selects Pyrotechnics
Team Weapon Training
Canadian Shock Section
Selects Demolition Engineering
6-pounder Anti-tank Gun Team
Construct Company Command Post
Crusader II Medium Tank
Armored Vehicle Training
Guziol#
Willaguy
0
0
Comments
sign in to comment!
No comments posted yet!